 Dungeon Crawl Stone Soup version 0.31-a0-222-gefeffbb62a (webtiles) character file.

Game seed: 15282990810680805876

1 qw the Shooter (level 1, -1/16 HPs)
             Began as a Minotaur Hexslinger on July 4, 2023.
             Slain by a quokka (5 damage)
             ... on level 1 of the Dungeon.
             The game lasted 00:00:02 (52 turns).

qw the Shooter (Minotaur Hexslinger)                  Turns: 52, Time: 00:00:02

Health: -1/16      AC:  2    Str: 12    XL:     1   Next: 16%
Magic:  1/1        EV: 12    Int: 10    God:
Gold:   12         SH:  0    Dex: 12    Spells: 1/2 levels left

rFire   . . .        a - +1 sling
rCold   . . .        (no shield)
rNeg    . . .        c - +0 robe
rPois   .            (helmet restricted)
rElec   .            (no cloak)
rCorr   .            (no gloves)
SInv    .            (no boots)
Will    .....        (no amulet)
Stlth   +            (no ring)
HPRegen 0.22/turn    (no ring)
MPRegen 0.07/turn

%: no passive effects
@: no status effects
A: horns 2, retaliatory headbutt
a: no special abilities


You were on level 1 of the Dungeon.
You visited 1 branch of the dungeon, and saw 1 of its levels.

You collected 12 gold pieces.


Innate Abilities, Weirdness & Mutations

You have a pair of horns on your head.
You reflexively headbutt those who attack you in melee.


   Skills:
 - Level 1.2 Fighting
 + Level 2.3 Ranged Weapons
 - Level 2.1 Dodging
 - Level 1.0 Spellcasting
 - Level 2.0 Hexes


You had one spell level left.
You knew the following spells:

 Your Spells              Type           Power      Damage    Failure   Level
a - Slow                  Hex            16%        N/A       16%         1

Your spell library contained the following spells:

 Spells                   Type           Power      Damage    Failure   Level
 Inner Flame              Hex/Fire       2%         N/A       56%         3
 Portal Projectile        Hex/Tloc       4%         N/A       56%         3
 Cause Fear               Hex            2%         N/A       83%         4

Inventory:

Hand Weapons
 a - a +1 sling (weapon)
Armour
 c - a +0 robe (worn)
Jewellery
 d - a +5 ring of evasion
Scrolls
 b - a scroll of poison

Dungeon Overview and Level Annotations

Branches:
Dungeon (1/15)

Altars:


Message History

You shoot a sling bullet.
The sling bullet closely misses the kobold.
The kobold shouts!
The kobold throws a stone.
The stone closely misses you.
You shoot a sling bullet. The sling bullet hits the kobold.
You kill the kobold!
The kobold throws a stone.
The stone hits you but does no damage.
A quokka comes into view.
You shoot a sling bullet.
The sling bullet closely misses the kobold.
The kobold throws a stone.
The stone barely misses you.
You shoot a sling bullet.
The sling bullet closely misses the kobold.
The sling bullet hits the quokka but does no damage.
You shoot a sling bullet. The sling bullet misses the kobold.
The sling bullet barely misses the quokka.
The kobold throws a stone.
The stone closely misses you.
You shoot a sling bullet.
The sling bullet closely misses the kobold.
The sling bullet hits the quokka.
The quokka is severely wounded.
You shoot a sling bullet.
The sling bullet closely misses the quokka.
The quokka bites you.
The kobold hits you with a +0 dagger of protection.
You shoot a sling bullet.
The sling bullet barely misses the quokka.
The quokka bites you. The kobold completely misses you. The quokka bites you.
The kobold hits you with a +0 dagger of protection.
You shoot a sling bullet.
The sling bullet closely misses the quokka.
The quokka bites you. The kobold hits you but does no damage.
You shoot a sling bullet.
The sling bullet hits the quokka but does no damage.
The quokka is severely wounded.
The quokka closely misses you. The kobold hits you but does no damage.
The quokka completely misses you.
You shoot a sling bullet. The sling bullet misses the quokka.
The quokka bites you.
You die...

##....... .# #.#
###..#.. ... #.#
######.. #.## #.#
##....... ...#### #.#
#.......# #....# #.#
#..###### #(...###.#
#..###### ..##.....##.#
#.......# ......K@.##.##
##.......
......r..##..## ######..
#..........#..########..
#......#............>...
...#)###################
## #. #


You could see a quokka and a kobold.

Vanquished Creatures
  A kobold (D:1)
1 creature vanquished.

Notes
Turn   | Place    | Note
-------+----------+-------------------------------------------
     0 | D:1      | qw the Minotaur Hexslinger began the quest for the Orb.
     0 | D:1      | Reached XP level 1. HP: 16/16 MP: 1/1
     0 | D:1      | 0 ||| qw: Version: 0.3-a-46-gb1f654a
     0 | D:1      | 0 ||| qw: Game counter: 851
     0 | D:1      | 0 ||| qw: Melee chars always use a shield: true
     0 | D:1      | 0 ||| qw: God list: Okawaru
     0 | D:1      | 0 ||| qw: Allow faded altars: false
     0 | D:1      | 0 ||| qw: Do Orc after clearing Dungeon:15 true
     0 | D:1      | 0 ||| qw: Do second Lair branch before Depths: true
     0 | D:1      | 0 ||| qw: Lair rune preference: random
     0 | D:1      | 0 ||| qw: Goals: Normal
     0 | D:1      | 0 ||| PLANNING D:1-11
    50 | D:1      | HP: 3/16 [quokka (3)]
    52 | D:1      | Slain by a quokka

Levels and vault maps discovered:
D:1:      minmay_arrival_wavy_path, layout_basic,
          chequers_ecumenical_altar_simple_redux

Action                     || total
---------------------------++-------
   Fire: Sling             ||    13
 Armour: Robe              ||     4
  Dodge: Dodged            ||     6

Table legend:
 A = Non-vault XP
 B = Vault XP
 C = Vault XP percentage of total XP
 D = Non-vault monster count
 E = Vault monster count
 F = Vault count percentage of total count
                 A         B        C        D         E       F
            +---------+---------+-------+---------+---------+-------
      Total |       2 |       0 |   0.0 |       1 |       0 |   0.0
            +---------+---------+-------+---------+---------+-------
        D:1 |       2 |       0 |   0.0 |       1 |       0 |   0.0
            +---------+---------+-------+---------+---------+-------
